 Dungeon Crawl Stone Soup version 0.25-a0-822-g6581751b11 (webtiles) character file.

Game seed: 8095952566122712484, levelgen mode: deterministic

70 Lanoc the Ducker (level 4, -4/23 HPs)
             Began as a Spriggan Abyssal Knight on Apr 21, 2020.
             Was a Believer of Lugonu.
             Shot with an arrow by a centaur (8 damage)
             ... on level 2 of the Dungeon.
             The game lasted 00:04:02 (1577 turns).

Lanoc the Ducker (Spriggan Abyssal Knight)          Turns: 1577, Time: 00:04:03

Health: -4/23      AC:  2    Str:  7 (8)  XL:     4   Next: 4%
Magic:  6/6        EV: 19    Int: 12 (13) God:    Lugonu [**....]
Gold:   197        SH:  0    Dex: 15 (16) Spells: 3/3 levels left

rFire    . . .     SeeInvis +   a - +1 spear
rCold    . . .     Gourm    .   (shield restricted)
rNeg     . . .     Faith    .   b - +0 robe
rPois    .         Spirit   .   (helmet restricted)
rElec    .         Reflect  .   (no cloak)
rCorr    .         Harm     .   (gloves unavailable)
MR       .....                  (boots unavailable)
Stlth    +.........             (no amulet)
HPRegen  0.07/turn              (no ring)
MPRegen  0.10/turn              (no ring)

@: very quick
A: very small, unfitting armour, see invisible, herbivore, speed 3, slow
metabolism 2
a: Depart the Abyss, Bend Space, Renounce Religion


You were on level 2 of the Dungeon.
You worshipped Lugonu.
Lugonu was pleased with you.
You were not hungry.

You visited 1 branch of the dungeon, and saw 2 of its levels.
You visited the Abyss 1 time.

You collected 197 gold pieces.

Inventory:

Hand Weapons
 a - a +1 spear (weapon)
Armour
 b - a +0 robe (worn)
Scrolls
 d - 2 scrolls of magic mapping {unknown}
 f - 5 scrolls of remove curse {unknown}
 g - 2 scrolls of amnesia {unknown}
 h - a scroll of blinking {unknown}
 i - a scroll of enchant armour {unknown}
 j - a scroll of teleportation {unknown}
 o - a scroll of identify {unknown}
Potions
 e - a potion of cancellation {unknown}
 k - a potion of heal wounds {unknown}
 l - a potion of brilliance {unknown}
 n - a potion of haste {unknown}
Comestibles
 c - 3 rations


   Skills:
 + Level 2.8 Fighting
 * Level 2.2 Polearms
 + Level 4.3 Dodging
 + Level 2.4 Invocations


You had 3 spell levels left.
You didn't know any spells.
Your spell library was empty.

Dungeon Overview and Level Annotations

Branches:
Dungeon (2/15)

Altars:
Fedhas
The Shining One

Annotations:
D:2 Robin


Innate Abilities, Weirdness & Mutations

You are very small and have problems with some larger weapons.
You are too small for most types of armour.
You have supernaturally acute eyesight. (SInv)
You are a herbivore.
You cover ground extremely quickly.
You need to consume almost no food.


Message History

Robin is lightly wounded.
A hobgoblin comes into view. It is wielding a +0 club.
Attack whom?
Press: ? - help, Dir - move target cursor, f/p - Robin
Aim: Robin, wielding a +0 short sword, wearing a +0 animal skin and wearing a +0 helmet (lightly wounded)
You reach to attack!
You hit Robin.
Robin is heavily wounded.
Attack whom?
Press: ? - help, Dir - move target cursor, f/p - Robin
Aim: Robin, wielding a +0 short sword, wearing a +0 animal skin and wearing a +0 helmet (heavily wounded)
You reach to attack!
You hit Robin but do no damage.
Robin is heavily wounded.
Attack whom?
Press: ? - help, Dir - move target cursor, f/p - Robin
Aim: Robin, wielding a +0 short sword, wearing a +0 animal skin and wearing a +0 helmet (heavily wounded)
You reach to attack!
You hit Robin.
Robin is severely wounded.
The centaur wields a +0 shortbow.
The centaur shoots an arrow.
The arrow hits you!
You die...

⌠.## ⌠.
>....PPP.P..)###.####
..# .
#####PP_PP...###.####
+## #P.PPP...(.....w.
#..PP........####
#.#####)...?.?..g ##
#####...###..###(####
...#.....#.......g.g#
#..c.........g..##..# #.
#..@###.........#
#...#.#.#.#.#....#.## ##
#....g#.#......#.####.
#.#.........#..#.##...
......##.##.....#.##.#.
...###.#...#.###......#+
.# ......... #.#.####
##.#...#.###...#
...##.##.....#.#


You could see a centaur, Robin and a hobgoblin (wandering).

Vanquished Creatures
  An adder (D:2)
  An ooze (D:2)
  2 dart slugs (D:1)
  2 leopard geckos
  3 bats
  13 goblins
  4 hobgoblins
  7 jackals
  4 kobolds
  A quokka (D:2)
  4 frilled lizards
  5 rats
47 creatures vanquished.

Notes
Turn   | Place    | Note
-------+----------+-------------------------------------------
     0 | Abyss:1  | Lanoc the Spriggan Abyssal Knight began the quest for the
                  | Orb.
     0 | Abyss:1  | Reached XP level 1. HP: 11/11 MP: 3/3
    46 | Abyss:1  | Noticed an ancient zyme
    49 | D:1      | Escaped the Abyss
   233 | D:1      | Found a glowing golden altar of the Shining One.
   277 | D:1      | Reached XP level 2. HP: 15/16 MP: 4/4
   593 | D:2      | Noticed a centaur
   609 | D:2      | Reached skill level 4 in Dodging
   620 | D:2      | Found a blossoming altar of Fedhas.
   643 | D:2      | Reached XP level 3. HP: 19/19 MP: 5/5
   655 | D:2      | Reached ** piety under Lugonu
   970 | D:2      | Noticed a scorpion
  1510 | D:2      | Noticed Robin
  1513 | D:2      | Reached XP level 4. HP: 10/23 MP: 6/6
  1533 | D:2      | HP: 1/23 [goblin (3)]
  1577 | D:2      | Shot with an arrow by a centaur

Levels and vault maps discovered:
D:1:      tarquinn_simple_flora_water_b, layout_basic, tso_altar
D:2:      minmay_razor_zed, layout_loops_ring, fedhas_altar_3,
          grunt_ministairs_13, minmay_fractal_squares_5, uniq_robin

Skill      XL: |  1  2 |
---------------+-------+-----
Invocations    | 2 |  2.4
Dodging        | 4 |  4.3
Polearms       | 2 |  2.2
Fighting       | |  2.8

Action                   |  1- 3 |  4- 6 || total
-------------------------+-------+-------++-------
Melee: Spear             |   158 |    20 ||   178
  Use: Potion            |       |     1 ||     1
 Stab: Sleeping          |     2 |       ||     2
Armor: Robe              |     7 |       ||     7
Dodge: Dodged            |    81 |       ||    81

Table legend:
 A = Non-vault XP
 B = Vault XP
 C = Vault XP percentage of total XP
 D = Non-vault monster count
 E = Vault monster count
 F = Vault count percentage of total count
                 A         B        C        D         E       F
            +---------+---------+-------+---------+---------+-------
      Total |      69 |      32 |  31.7 |      28 |      19 |  40.4
            +---------+---------+-------+---------+---------+-------
        D:1 |      34 |       0 |   0.0 |      17 |       0 |   0.0
        D:2 |      35 |      32 |  47.8 |      11 |      19 |  63.3
            +---------+---------+-------+---------+---------+-------
